 Dungeon Crawl Stone Soup version 0.21-a0-513-gdcb3f5e (webtiles) character file.

103 slep the Skirmisher (level 4, -4/40 HPs)
             Began as a Hill Orc Fighter on Dec 2, 2017.
             Slain by a gnoll
             ... wielding a +0 spear
              (6 damage)
             ... on level 2 of the Dungeon.
             The game lasted 00:03:27 (899 turns).

slep the Skirmisher (Hill Orc Fighter)               Turns: 899, Time: 00:03:28

Health: -4/40      AC:  8    Str: 18    XL:     4   Next: 79%
Magic:  4/4        EV:  7    Int:  8    God:
Gold:   60         SH:  9    Dex: 11    Spells: 3/3 levels left

rFire    . . .     SeeInvis .   p - +0 flail
rCold    . . .     Gourm    .   c - +0 shield
rNeg     . . .     Faith    .   b - +0 scale mail
rPois    .         Spirit   .   (no helmet)
rElec    .         Reflect  .   (no cloak)
rCorr    .         Harm     .   o - +0 pair of gloves
MR       .....                  (no boots)
Stlth    ..........             (no amulet)
HPRegen  0.13/turn              (no ring)
MPRegen  0.09/turn              (no ring)

@: no status effects
A: no striking features
a: no special abilities


You were on level 2 of the Dungeon.
You were not hungry.

You visited 1 branch of the dungeon, and saw 2 of its levels.

You collected 60 gold pieces.

Inventory:

Hand Weapons
 a - a +0 rapier
 p - a +0 flail (weapon)
Armour
 b - a +0 scale mail (worn)
 c - a +0 shield (worn)
 o - a +0 pair of gloves (worn)
Scrolls
 e - 2 scrolls of enchant weapon {unknown}
 j - a scroll of enchant armour {unknown}
 m - a scroll of immolation {unknown}
 n - 2 scrolls of identify {unknown}
Potions
 d - a potion of might
 i - a potion of curing {unknown}
 k - a potion of haste {unknown}
 l - a potion of heal wounds {unknown}
Comestibles
 f - a bread ration
 g - 2 royal jellies
 h - a meat ration


   Skills:
 + Level 4.2 Fighting
 + Level 3.1 Short Blades
 + Level 3.9 Armour
 + Level 0.3 Dodging
 + Level 4.1 Shields


You had 3 spell levels left.
You didn't know any spells.

Dungeon Overview and Level Annotations

Branches:
Dungeon (2/15)

Altars:


Message History

You closely miss the gnoll.
The gnoll is lightly wounded.
You block the gnoll's attack. x2; The gnoll hits you.
The gnoll hits you with a flail. You block the gnoll's attack.
You barely miss the gnoll.
The gnoll is lightly wounded.
The gnoll hits you. The gnoll hits you with a flail!
* * * LOW HITPOINT WARNING * * *
The gnoll hits you but does no damage. The gnoll hits you!
* * * LOW HITPOINT WARNING * * *
You sock the gnoll!
The gnoll is heavily wounded.
The gnoll hits you but does no damage. You block the gnoll's attack.
The gnoll hits you but does no damage. You block the gnoll's attack.
You hit the gnoll.
The gnoll is severely wounded.
You block the gnoll's attack. The gnoll hits you with a flail.
* * * LOW HITPOINT WARNING * * *
The gnoll hits you with a spear.
You die...

#........#.#
########.#.#
...#.#.##.##
###.#......<#
+...†.#......
###.#(####... #
#.#....# ..
....###+#....#
......g@.....#
......gg...#.....
##.........#...##
#..............#
#..............#
#..............#
#..............
#..............


You could see 3 gnolls.

Vanquished Creatures
  A gnoll (D:2)
  3 adders (D:2)
  An adder zombie (D:2)
  2 worms (D:2)
  3 dart slugs
  4 leopard geckos
  A ball python (D:1)
  2 giant cockroaches
  7 goblins
  6 hobgoblins
  2 jackals (D:2)
  4 bats
  3 frilled lizards
  4 kobolds (D:1)
  7 rats
50 creatures vanquished.

Notes
Turn   | Place    | Note
-------+----------+-------------------------------------------
     0 | D:1      | slep the Hill Orc Fighter began the quest for the Orb.
     0 | D:1      | Reached XP level 1. HP: 19/19 MP: 1/1
    97 | D:1      | Reached XP level 2. HP: 24/27 MP: 2/2
   308 | D:1      | Reached XP level 3. HP: 27/33 MP: 3/3
   611 | D:2      | Reached XP level 4. HP: 27/40 MP: 4/4
   899 | D:2      | HP: 2/40 [gnoll/flail (4)]
   899 | D:2      | Slain by a gnoll

Vault maps used:
D:1:      eino_arrival_cavern_d
D:2:      minmay_pentomino_w2

Skill      XL: |  1  2  3  4 |
---------------+-------------+-----
Fighting       | 4 |  4.2
Short Blades   | 3 |  3.1
Shields        | 4 |  4.1
Armour         | |  3.9
Dodging        | |  0.3

Action                   |  1- 3 |  4- 6 || total
-------------------------+-------+-------++-------
Melee: Rapier            |   116 |    72 ||   188
       Flail             |       |     5 ||     5
Armor: Scale mail        |    49 |    28 ||    77
Dodge: Dodged            |    35 |    22 ||    57
Block: Shield            |    57 |    44 ||   101

Table legend:
 A = Spawn XP
 B = Non-spawn XP
 C = Spawn XP percentage of total XP
 D = Spawn monster count
 E = Non-spawn monster count
 F = Spawn count percentage of total count
 G = Total turns spent on level
                    A         B        C        D         E        F      G
               +---------+---------+-------+---------+---------+-------+---------
         Total |       0 |     148 |   0.0 |       0 |      50 |   0.0 |   899
               +---------+---------+-------+---------+---------+-------+---------
           D:1 |       0 |      37 |   0.0 |       0 |      24 |   0.0 |   385
           D:2 |       0 |     111 |   0.0 |       0 |      26 |   0.0 |   514
               +---------+---------+-------+---------+---------+-------+---------
